 Dungeon Crawl Stone Soup version 0.23-a0-13-gb09bef45d9 (webtiles) character file.

427311 LLavrengius the Slayer (level 23, -2/160 HPs)
             Began as a Gargoyle Earth Elementalist on July 31, 2018.
             Was the Champion of Ashenzari.
             Killed from afar by a frost giant (22 damage)
             ... with a bolt of cold
             ... on level 4 of the Vaults on Aug 2, 2018.
             The game lasted 11:46:21 (53037 turns).

LLavrengius the Slayer (GrEE)                      Turns: 53037, Time: 11:46:21

Health: -2/160     AC: 36    Str: 15    XL:     23   Next: 83%
Magic:  5/41       EV: 15    Int: 26    God:    Ashenzari [******]
Gold:   1798       SH: 25    Dex: 14    Spells: 1/50 levels left

rFire    + . .     SeeInvis +   J - +10 hunting sling of the Eight Wonders {venom, *Contam rPois MR++ Stlth+} (curse)
rCold    . . .     Gourm    .   D - +2 large shield (curse)
rNeg     + + .     Faith    .   y - +4 troll leather armour (curse)
rPois    ∞         Spirit   .   z - +2 helmet (curse)
rElec    +         Reflect  .   M - scarf {repulsion} (curse)
rCorr    .         Harm     .   w - +2 pair of gloves {archery} (curse)
MR       ++++.     Clarity  +   (no boots)
Stlth    ++++......             j - amulet of magic regeneration (curse)
HPRegen  0.76/turn              I - ring of Soro {rN+ AC+3 Dex+6} (curse)
MPRegen  0.52/turn              v - ring "Bodeid Varosm" {rPois rF+ MR+ Int+3} (curse)

@: flying, repel missiles
A: big wings, berserk 1, clumsy 1, negative energy resistance 1, electricity
resistance, unbreathing, petrification resistance, rot immunity, AC +17
}: 2/15 runes: decaying, gossamer
a: Stop Flying, Curse Item, Scrying, Transfer Knowledge, Renounce Religion


You were on level 4 of the Vaults.
You worshipped Ashenzari.
Ashenzari was exalted by your worship.
You were very hungry.

You visited 8 branches of the dungeon, and saw 39 of its levels.

You collected 3818 gold pieces.
You spent 2020 gold pieces at shops.

Inventory:

Hand Weapons
 J - the cursed +10 hunting sling of the Eight Wonders (weapon) {venom, *Contam rPois MR++ Stlth+}
   (You found it on level 5 of the Dungeon)

   It poisons the ammo it fires.
   It protects you from poison.
   It affects your resistance to hostile enchantments.
   It causes magical contamination when unequipped.
   It makes you more stealthy.
   It has a curse placed upon it.
Missiles
 b - 147 stones (quivered)
 x - 1474 arrows
 G - 155 sling bullets
Armour
 s - a +1 pair of boots
 w - a cursed +2 pair of gloves of archery (worn)
 y - a cursed +4 troll leather armour (worn)
 z - a cursed +2 helmet (worn)
 D - a cursed +2 large shield (worn)
 M - a cursed scarf of repulsion (worn)
Jewellery
 i - an uncursed ring of protection from magic
 j - a cursed amulet of magic regeneration (around neck)
 v - the cursed ring "Bodeid Varosm" (right hand) {rPois rF+ MR+ Int+3}
   (You bought it in a shop on level 2 of the Orcish Mines)

   [ring of intelligence]

   It affects your intelligence (+3).
   It protects you from fire.
   It protects you from poison.
   It affects your resistance to hostile enchantments.
   It has a curse placed upon it.
 I - the cursed ring of Soro (left hand) {rN+ AC+3 Dex+6}
   (You bought it in a shop on level 2 of the Elven Halls)

   [ring of protection]

   It affects your AC (+3).
   It affects your dexterity (+6).
   It protects you from negative energy.
   It has a curse placed upon it.
 Z - an uncursed ring of positive energy
Wands
 e - a wand of paralysis (50)
 u - a wand of digging (31)
 P - a wand of clouds (4)
 U - a wand of acid (22)
 Y - a wand of iceblast (16)
Scrolls
 a - 3 scrolls of blinking
 c - 4 scrolls of vulnerability
 f - 2 scrolls of enchant armour
 h - 12 scrolls of identify
 k - 22 scrolls of teleportation
 l - 5 scrolls of fear
 p - 6 scrolls of remove curse
 q - 6 scrolls of amnesia
 t - 11 scrolls of enchant weapon
 C - 5 scrolls of magic mapping
 F - 7 scrolls of fog
 R - a scroll of summoning
Potions
 g - 22 potions of curing
 o - 4 potions of agility
 r - 4 potions of brilliance
 A - 8 potions of mutation
 B - 9 potions of might
 E - a potion of heal wounds
 H - 6 potions of cancellation
 N - 4 potions of ambrosia
 O - 4 potions of berserk rage
 Q - a potion of magic
 S - 5 potions of haste
 V - 3 potions of invisibility
 W - 2 potions of resistance
Miscellaneous
 m - a fan of gales
 n - a phial of floods
 K - a phantom mirror
 T - a lightning rod (4/4)
 X - 2 boxes of beasts
Comestibles
 d - 56 rations
 L - 8 chunks of flesh


   Skills:
 - Level 21.0 Fighting
   Level 5.9 Polearms
 - Level 8.3(12.7) Slings
 - Level 6.0 Armour
 - Level 4.4(7.3) Dodging
 - Level 2.3(4.7) Stealth
 * Level 20.3(22.5) Shields
 - Level 14.0 Spellcasting
 - Level 12.9(17.0) Conjurations
 - Level 3.3(7.3) Charms
 - Level 5.0(9.4) Necromancy
 - Level 2.0(5.3) Translocations
 - Level 3.1(7.0) Transmutations
 - Level 9.7(14.0) Fire Magic
 - Level 9.7(14.0) Ice Magic
 - Level 14.6(18.6) Earth Magic
 - Level 3.3(7.2) Poison Magic
 - Level 3.4(7.4) Evocations


You had one spell level left.
You knew the following spells:

 Your Spells              Type           Power        Failure   Level  Hunger
a - Sandblast             Erth           ######       0%          1    None
b - Stone Arrow           Conj/Erth      ######       0%          3    None
c - Lee's Rapid Deconstr  Erth           #######...   1%          5    ##.....
d - Animate Skeleton      Necr           N/A          1%          1    None
e - Apportation           Tloc           #####.       1%          1    None
f - Conjure Flame         Conj/Fire      #######.     1%          3    None
g - Sticks to Snakes      Tmut           ######..     1%          2    None
h - Fireball              Conj/Fire      #######...   1%          5    ##.....
i - Passwall              Tmut/Erth      ######..     1%          2    None
j - Blink                 Tloc           N/A          1%          2    None
k - Venom Bolt            Conj/Pois      ######....   1%          5    ##.....
l - Borgnjor's Vile Clut  Necr/Erth      ######....   1%          5    ##.....
m - Iskenderun's Battles  Conj/Chrm      ######..     1%          5    ##.....
n - Regeneration          Chrm/Necr      ######....   1%          3    None
o - Bolt of Cold          Conj/Ice       #######...   1%          6    ####...

Your spell library contained the following spells:

 Spells                   Type           Power        Failure   Level  Hunger
 Cause Fear               Hex            ###.......   36%         4    None
 Bolt of Magma            Conj/Fire/Erth #######...   1%          5    ##.....
 Confuse                  Hex            ###.....     12%         3    None
 Throw Flame              Conj/Fire      ######       0%          2    None
 Freezing Cloud           Conj/Ice/Air   ######....   11%         6    ####...
 Olgreb's Toxic Radiance  Pois           ######..     2%          4    None
 Teleport Other           Tloc           #####...     1%          3    None
 Summon Small Mammal      Summ           ###.         3%          1    None
 Animate Dead             Necr           N/A          1%          4    None
 Pain                     Necr           ####         1%          1    None
 Freeze                   Ice            ####         0%          1    None
 Ozocubu's Refrigeration  Ice            ######....   2%          6    ####...
 Sticky Flame             Conj/Fire      #######.     1%          4    None
 Summon Ice Beast         Ice/Summ       ######..     2%          4    None
 Sting                    Conj/Pois      ####         1%          1    None
 Corpse Rot               Necr           N/A          1%          2    None
 Iron Shot                Conj/Erth      #######...   1%          6    ####...
 Shock                    Conj/Air       ####         1%          1    None
 Swiftness                Chrm/Air       #####...     1%          2    None
 Recall                   Summ/Tloc      N/A          4%          3    None
 Agony                    Necr           ######..     3%          5    ##.....
 Spider Form              Tmut/Pois      ######....   1%          3    None
 Blade Hands              Tmut           ######....   8%          5    ##.....
 Statue Form              Tmut/Erth      ######...    4%          6    ####...
 Ice Form                 Ice/Tmut       ######..     1%          4    None
 Death Channel            Necr           ######....   16%         6    ####...
 Deflect Missiles         Chrm/Air       #####.....   83%         6    ####...
 Confusing Touch          Hex            ###...       3%          1    None
 Flame Tongue             Conj/Fire      #####        0%          1    None
 Ignite Poison            Fire/Tmut/Pois ######..     1%          3    None
 Call Canine Familiar     Summ           ###.....     12%         3    None
 Metabolic Englaciation   Hex/Ice        ######....   7%          5    ##.....
 Summon Butterflies       Summ           ###.....     3%          1    None
 Silence                  Hex/Air        ###.......   71%         5    ##.....
 Simulacrum               Ice/Necr       ######....   6%          6    ####...
 Excruciating Wounds      Chrm/Necr      ######....   4%          5    ##.....
 Petrify                  Tmut/Erth      ######..     1%          4    None
 Passage of Golubria      Tloc           N/A          6%          4    None
 Orb of Destruction       Conj           #######...   4%          7    ######.
 Tornado                  Air            ###.......   100%        9    #######
 Summon Hydra             Summ           ###.......   100%        7    ######.
 Shroud of Golubria       Chrm/Tloc      ######....   1%          2    None
 Inner Flame              Hex/Fire       ######..     1%          3    None
 Beastly Appendage        Tmut           ######       1%          1    None
 Infusion                 Chrm           ####         1%          1    None
 Song of Slaying          Chrm           ######..     1%          2    None
 Discord                  Hex            ###.......   100%        8    #######
 Spellforged Servitor     Conj/Summ      ######....   75%         7    ######.
 Summon Mana Viper        Hex/Summ       ###.....     71%         5    ##.....
 Gell's Gravitas          Tloc           #####.....   1%          3    None
 Yara's Violent Unravell  Hex/Tmut       #####.....   28%         5    ##.....
 Lesser Beckoning         Tloc           #####.....   1%          3    None
 Poisonous Vapours        Pois/Air       #####.       1%          2    None


Dungeon Overview and Level Annotations

Branches:
Dungeon (14/15)            Temple (1/1) D:7            Lair (6/6) D:9
  Swamp (4/4) Lair:3       Spider (4/4) Lair:4        Slime (0/5) Lair:5
    Orc (2/2) D:9             Elf (3/3) Orc:2        Vaults (5/5) D:13
  Crypt (0/3) Vaults:3

Altars:
Ashenzari
Cheibriados
Dithmenos
Elyvilon
Fedhas
Gozag
Hepliaklqana
Kikubaaqudgha
Makhleb
Nemelex Xobeh
Okawaru
Qazlal
Ru
Sif Muna
Trog
Uskayaw
Vehumet
Wu Jian
Xom
Yredelemnul
Zin
The Shining One
Beogh

Shops:
D:5 ?   D:9 *}(   D:10 !   D:12 %   Orc:2 *[=(   Elf:2 ==}=   Vaults:2 (
Vaults:4 %

Portals:
Trove: Elf:1 (give +2 gold dragon scales)

Annotations:
Vaults:3 Mara


Innate Abilities, Weirdness & Mutations

You are resistant to torment.
Your stone body is resilient. (AC +17)
You are immune to poison.
Your large and strong wings let you fly indefinitely.
You resist negative energy. (rN+)
You are resistant to electric shocks. (rElec)
You can survive without breathing.
You are immune to petrification.
You are immune to rotting.
You tend to lose your temper in combat.
You are clumsy. (Dex -2)


Message History

Aim: a frost giant, wielding a battleaxe of freezing (heavily wounded, poisoned)
You shoot a stone. The stone hits the frost giant!
The frost giant is severely wounded.
Firing (i - inventory. (/) - cycle)
b - 149 stones (quivered)
Press: ? - help, Shift-Dir - straight line, f/p - frost giant
Aim: a frost giant, wielding a battleaxe of freezing (severely wounded, poisoned)
You shoot a stone. The stone hits the frost giant!
The frost giant looks as sick as possible!
The frost giant is severely wounded.
Firing (i - inventory. (/) - cycle)
b - 148 stones (quivered)
Press: ? - help, Shift-Dir - straight line, f/p - frost giant
Aim: a frost giant, wielding a battleaxe of freezing (severely wounded, poisoned)
You shoot a stone. The stone hits the frost giant.
The frost giant is severely wounded.
The frost giant points at you and mumbles some strange words.
The bolt of cold hits you!
* * * LOW HITPOINT WARNING * * *
The frost giant points at you and mumbles some strange words.
The bolt of cold hits you!
You die...

....#
####'##########'###
....#
#.......#......#
##†##
#.......'......#
....#
#.......'......#
....#
#.....))#......#
##'##
#.....).#......#
....#
#.....).+...>..#
....#
########[###..C(..#
....#
#.........@'......#
....#
#.##..[.##.########
....# #.##....##.#
....# #....).....#
....# #..........#
....# #..........#
##### #..........#
#.##....##.#
#.##....##.#


You could see a frost giant.

Vanquished Creatures
  Bai Suzhen (Elf:3)
  Frederick (Vaults:4)
  the Lernaean hydra (Swamp:4)
  Margery (Vaults:4)
  A golden dragon (Vaults:5)
  Arachne (Spider:3)
  A lich (Vaults:4)
  Rupert (Lair:2)
  The ghost of olegrum the Slayer, an adept BaFi of Okawaru (Elf:2)
  Jorgrun (Spider:2)
  2 deep elf master archers (Elf:3)
  2 deep elf blademasters (Elf:3)
  The ghost of Poefewnu the Champion of Chaos, an adept DDFi of Makhleb (Vaults:2)
  2 sphinxes
  Frances (Spider:2)
  Kirke (Spider:3)
  Donald (Elf:2)
  A tengu reaver (Vaults:4)
  2 thorn hunters
  Agnes (Spider:4)
  2 frost giants (Vaults:5)
  2 fire giants
  10 vault wardens
  Louise (Elf:1)
  3 ghost moths (Spider:4)
  2 deep elf sorcerers
  2 orc warlords
  A ghoul (Vaults:3)
  12 ironheart preservers
  5 deep elf elementalists (Elf:3)
  A very ugly thing (Vaults:3)
  10 emperor scorpions
  4 stone giants
  6 entropy weavers
  A vampire knight (Vaults:3)
  6 deep elf demonologists
  Nessos (Lair:5)
  13 deep elf annihilators
  Azrael (Spider:3)
  A spark wasp (Spider:3)
  Snorg (Orc:1)
  A minotaur (Lair:5)
  4 ettins
  The ghost of Azzok the Geomancer, a journeyman DEEE of Vehumet (Lair:5)
  The ghost of P0WERM0DE the Cleaver, a journeyman GrFi of Okawaru (Lair:6)
  12 deep elf death magi
  2 fire dragons (Vaults:3)
  A quicksilver dragon zombie (Vaults:4)
  11 yaktaur captains
  2 great orbs of eyes
  30 vault guards
  4 deep elf high priests
  21 hydras
  2 rakshasas (Vaults:2)
  3 death knights
  3 ghost crabs
  3 centaur warriors
  3 ice dragons
  10 ogre magi
  33 two-headed ogres
  2 death yaks (Lair:5)
  15 alligators
  The ghost of kusayu the Basher, a journeyman GrBe of Trog (Lair:4)
  2 deep troll shamans
  28 dancing weapons
  A tengu warrior (Swamp:3)
  A deep troll earth mage (Vaults:3)
  5 orc high priests (Orc:2)
  23 deep elf knights
  3 hell knights (Vaults:4)
  A shadow wraith (Vaults:2)
  5 skeletal warriors
  A death drake (shapeshifter) (D:13)
  2 glowing orange brains
  12 swamp dragons
  4 wizards
  10 deep trolls
  5 large abominations (Elf:1)
  2 phantasmal warriors
  15 orc knights
  19 deep elf archers
  11 ironbrand convokers
  2 shambling mangroves
  6 necromancers
  A wolf spider zombie (D:12)
  A sphinx zombie (Vaults:4)
  49 wolf spiders
  A mana viper (shapeshifter) (Elf:2)
  62 deep elf magi
  3 harpies (Vaults:2)
  14 orb spiders
  7 ugly things
  2 manticores
  5 cyclopes
  8 orc sorcerers
  4 oklob plants (Lair:2)
  3 moths of wrath (Spider:4)
  16 vault sentinels
  Joseph (D:7)
  2 naga magi (Vaults:4)
  10 elephants
  2 black mambas
  12 spiny frogs
  6 torpor snails
  A yaktaur zombie (Vaults:4)
  2 gargoyles
  5 freezing wraiths
  2 small abominations (Elf:3)
  4 rime drakes
  23 demonic crawlers
  7 komodo dragons
  41 yaktaurs
  3 tengu conjurers
  A polar bear (shapeshifter) (Vaults:2)
  39 jumping spiders
  5 tyrant leeches
  4 trolls
  A jumping spider (shapeshifter) (Elf:3)
  5 polar bears
  23 slime creatures
  A hippogriff (shapeshifter) (Vaults:2)
  17 hornets
  8 bog bodies
  A blink frog (shapeshifter) (Vaults:1)
  7 dream sheep
  4 blink frogs (Lair:2)
  6 hippogriffs
  A meliai zombie (D:10)
  A stone giant simulacrum (Vaults:1)
  2 air elementals (Elf:3)
  An ettin skeleton (Vaults:4)
  85 redbacks
  Sigmund (D:5)
  10 spriggans
  3 water elementals
  3 shadows
  31 tarantellas
  A vampire (D:9)
  6 wraiths
  57 yaks
  2 wyverns
  2 basilisks
  6 fire elementals (Spider:3)
  A hog (shapeshifter) (Elf:2)
  A hungry ghost (D:13)
  22 vampire mosquitoes
  6 insubstantial wisps (Swamp:3)
  11 swamp worms
  An acid dragon (Vaults:1)
  8 wargs
  A porcupine (shapeshifter) (Vaults:4)
  10 porcupines
  3 hell hounds
  7 water moccasins
  8 swamp drakes
  4 sky beasts
  An ice beast (D:5)
  4 black bears
  3 phantoms
  47 orc warriors
  5 necrophages
  2 boggarts (Lair:6)
  2 eyes of draining
  32 ogres
  14 crocodiles
  28 wolves
  16 centaurs
  3 big kobolds (D:8)
  2 elf zombies (Elf:1)
  13 bullfrogs
  An earth elemental (Elf:1)
  A wyvern skeleton (D:12)
  3 scorpions
  8 killer bees
  8 wights
  An electric eel (Spider:1)
  A howler monkey (D:9)
  5 crimson imps
  A bullfrog zombie (D:5)
  A centaur zombie (D:10)
  4 hounds
  5 jellies
  29 orc priests
  46 orc wizards
  2 quasits
  3 bullfrog skeletons
  3 centaur skeletons
  5 iguanas
  Natasha (thrice) (D:2 D:4)
  10 worker ants
  2 hound skeletons
  A worker ant zombie (D:5)
  10 adders
  11 gnolls
  3 shadow imps
  13 white imps
  An ooze (D:4)
  2 adder skeletons
  An adder zombie (D:9)
  A worm (D:4)
  6 dart slugs
  6 leopard geckos
  101 orcs
  4 ball pythons
  7 giant cockroaches
  10 goblins
  8 hobgoblins
  14 jackals
  3 quokkas
  8 bats
  6 frilled lizards
  A goblin skeleton (D:8)
  A goblin zombie (D:8)
  2 hobgoblin zombies (D:8)
  8 kobolds
  A kobold zombie (D:8)
  2 orc zombies (D:8)
  A quokka skeleton (D:7)
  A quokka zombie (D:6)
  8 rats
  5 crawling corpses
  2 fungi (Lair:5)
  2 plants (Lair:2)
1710 creatures vanquished.

Vanquished Creatures (collateral kills)
  A thorn hunter (Swamp:2)
  An orc warlord (Orc:1)
  4 death yaks (Lair:5)
  2 deep elf knights
  A deep troll (D:13)
  A swamp dragon (Swamp:4)
  A spriggan druid (Swamp:4)
  A shambling mangrove (Swamp:4)
  2 deep elf magi (Elf:2)
  3 elephants (Lair:4)
  2 black mambas
  A spiny frog (Lair:5)
  4 polar bears (Lair:6)
  2 trolls (D:12)
  A tyrant leech (Swamp:2)
  5 hornets
  A hippogriff (Lair:2)
  A dream sheep (Lair:6)
  A wyvern (Lair:2)
  4 spriggans (Lair:6)
  7 yaks
  2 vampire mosquitoes
  A swamp worm (Swamp:3)
  4 orc warriors
  3 black bears
  An ogre (D:9)
  3 wolves
  A boggart (Lair:6)
  2 bullfrogs
  3 crimson imps
  A hound (D:13)
  2 orc wizards
  An orc (Orc:2)
70 creatures vanquished.

Vanquished Creatures (others)
  2 alligators (Swamp:2)
  A tarantella (Spider:3)
  5 humans (Spider:3)
  A wight (D:14)
  A briar patch (Swamp:2)
  5 fungi
  5 plants
20 creatures vanquished.

Grand Total: 1800 creatures vanquished

Notes
Turn   | Place    | Note
-------+----------+-------------------------------------------
     0 | D:1      | LLavrengius the Gargoyle Earth Elementalist began the quest for the Orb.
     0 | D:1      | Reached XP level 1. HP: 10/10 MP: 3/3
   292 | D:1      | Reached XP level 2. HP: 8/15 MP: 1/5
  1167 | D:1      | Reached XP level 3. HP: 17/20 MP: 1/6
  1474 | D:2      | Reached skill level 1 in Fighting
  1504 | D:2      | Noticed Natasha
  1515 | D:2      | Killed Natasha
  1779 | D:2      | Learned a level 3 spell: Stone Arrow
  1799 | D:2      | Reached XP level 4. HP: 16/25 MP: 5/7
  2164 | D:2      | Reached skill level 5 in Earth Magic
  2183 | D:2      | Found an iron altar of Okawaru.
  2198 | D:2      | Found a burning altar of Makhleb.
  2206 | D:2      | Reached skill level 2 in Fighting
  2612 | D:2      | Reached XP level 5. HP: 30/30 MP: 8/8
  2945 | D:3      | Found an ancient bone altar of Kikubaaqudgha.
  3505 | D:3      | Found a sparkling altar of Nemelex Xobeh.
  3505 | D:3      | Found a hide-covered altar of Uskayaw.
  3595 | D:3      | Found a shattered altar of Ashenzari.
  3611 | D:3      | Became a worshipper of Ashenzari the Shackled
  3622 | D:3      | Found a stormy altar of Qazlal.
  3770 | D:4      | Noticed an ogre
  3823 | D:4      | Noticed Natasha
  3832 | D:4      | Killed Natasha
  3832 | D:4      | Reached skill level 3 in Fighting
  3832 | D:4      | Reached XP level 6. HP: 28/37 MP: 4/9
  3970 | D:4      | Learned a level 5 spell: Lee's Rapid Deconstruction
  4049 | D:4      | Noticed a phantom
  4056 | D:4      | Killed a phantom
  4100 | D:4      | Noticed Natasha
  4116 | D:4      | Killed Natasha
  4126 | D:4      | Reached XP level 7. HP: 42/42 MP: 4/10
  4205 | D:4      | Reached skill level 4 in Fighting
  4366 | D:5      | Entered Level 5 of the Dungeon
  4366 | D:5      | Found Wenn's Magic Scroll Shoppe.
  4754 | D:5      | Bought a scroll of fog for 26 gold pieces
  4754 | D:5      | Bought a scroll of teleportation for 39 gold pieces
  4754 | D:5      | Bought a scroll of identify for 26 gold pieces
  4763 | D:5      | Reached skill level 5 in Fighting
  4763 | D:5      | Reached XP level 8. HP: 49/49 MP: 6/11
  4873 | D:5      | Identified the +10 hunting sling of the Eight Wonders {venom, *Contam rPois MR++ Stlth+}
  4973 | D:5      | Reached skill level 1 in Polearms
  5047 | D:5      | Found a blossoming altar of Fedhas.
  5141 | D:5      | Noticed Sigmund
  5149 | D:5      | Killed Sigmund
  5149 | D:5      | Reached skill level 10 in Earth Magic
  5152 | D:5      | Reached skill level 6 in Fighting
  5577 | D:6      | Reached XP level 9. HP: 56/56 MP: 6/12
  5736 | D:6      | Found a shimmering altar of Xom.
  6223 | D:6      | Reached skill level 1 in Armour
  6577 | D:7      | Reached * piety under Ashenzari
  6583 | D:7      | Found an ornate altar of the Wu Jian Council.
  6949 | D:7      | Identified Sif Muna's Tome of Combat Magic
  7093 | D:7      | Found a sacrificial altar of Ru.
  7096 | D:7      | Reached skill level 7 in Fighting
  7277 | D:7      | Found a staircase to the Ecumenical Temple.
  7285 | D:7      | Noticed Joseph
  7291 | D:7      | Killed Joseph
  7323 | Temple   | Entered the Ecumenical Temple
  7696 | D:8      | Noticed a two-headed ogre
  7700 | D:8      | Killed a two-headed ogre
  7700 | D:8      | Reached XP level 10. HP: 63/63 MP: 6/15
  7828 | D:8      | Noticed a three-headed hydra
  7837 | D:8      | Killed a three-headed hydra
  7837 | D:8      | Reached skill level 8 in Fighting
  7837 | D:8      | Reached skill level 5 in Polearms
  8020 | D:8      | Noticed a cyclops
  8026 | D:8      | Killed a cyclops
  8026 | D:8      | Reached skill level 5 in Armour
  8046 | D:8      | Reached XP level 11. HP: 55/69 MP: 8/18
  8079 | D:8      | Reached skill level 5 in Spellcasting
  8198 | D:8      | Reached ** piety under Ashenzari
  8271 | D:8      | Found a glowing golden altar of the Shining One.
  8714 | D:8      | Found a shadowy altar of Dithmenos.
  9035 | D:9      | Reached skill level 9 in Fighting
  9070 | D:9      | Learned a level 1 spell: Animate Skeleton
  9072 | D:9      | Learned a level 1 spell: Apportation
  9238 | D:9      | Found a glowing silver altar of Zin.
  9238 | D:9      | Found a staircase to the Lair.
  9495 | D:9      | Noticed a two-headed ogre
  9513 | D:9      | Killed a two-headed ogre
  9513 | D:9      | Reached skill level 1 in Conjurations
  9514 | D:9      | Reached skill level 1 in Translocations
  9585 | D:9      | Found Toasuvis's Gadget Boutique.
  9659 | D:9      | Reached skill level 1 in Necromancy
  9693 | D:9      | Found Xeleqaysh's Assorted Antiques.
  9733 | D:9      | Found a staircase to the Orcish Mines.
  9862 | D:10     | Entered Level 10 of the Dungeon
  9862 | D:10     | Noticed a two-headed ogre
  9867 | D:10     | Killed a two-headed ogre
 10043 | D:10     | Found a runed door.
 10403 | D:10     | Reached *** piety under Ashenzari
 10457 | D:10     | Found Aqaunge's Distillery.
 10535 | D:10     | Bought a potion of invisibility for 112 gold pieces
 10847 | D:11     | Noticed a two-headed ogre
 10852 | D:11     | Killed a two-headed ogre
 10957 | D:11     | Reached XP level 12. HP: 77/77 MP: 9/21
 11051 | D:11     | Found a hide-covered altar of Uskayaw.
 11306 | D:11     | Learned a level 3 spell: Conjure Flame
 11570 | D:12     | Found a glowing golden altar of the Shining One.
 11583 | D:12     | Reached skill level 10 in Fighting
 12212 | D:12     | Reached skill level 5 in Conjurations
 12363 | D:12     | Learned a level 2 spell: Sticks to Snakes
 12422 | D:12     | Found Asek's Food Shoppe.
 12516 | D:12     | Reached **** piety under Ashenzari
 12758 | D:12     | Found a roughly hewn altar of Beogh.
 12761 | D:12     | Reached skill level 1 in Transmutations
 12915 | D:13     | Noticed a two-headed ogre
 12931 | D:12     | Killed a two-headed ogre
 13239 | D:13     | Noticed a two-headed ogre
 13301 | D:12     | Killed a two-headed ogre
 14033 | D:13     | Reached XP level 13. HP: 84/84 MP: 2/24
 14310 | D:13     | Reached skill level 11 in Fighting
 14512 | D:13     | Found a gate to the Vaults.
 14617 | D:14     | Noticed a fire dragon
 14992 | Lair:1   | Entered Level 1 of the Lair of Beasts
 15679 | Lair:2   | Reached skill level 1 in Slings
 15679 | Lair:2   | Reached skill level 1 in Fire Magic
 16197 | Lair:2   | Learned a level 5 spell: Fireball
 16216 | Lair:3   | Found a staircase to the Swamp.
 16885 | Lair:3   | Noticed Rupert
 17204 | Orc:1    | Entered Level 1 of the Orcish Mines
 17204 | Orc:1    | Noticed an orc warlord
 17712 | D:9      | Killed an orc warlord
 18405 | Orc:1    | Learned a level 2 spell: Passwall
 18457 | Orc:1    | Noticed an orc warlord
 18565 | Orc:2    | Entered Level 2 of the Orcish Mines
 18565 | Orc:2    | Noticed Snorg
 18611 | Orc:1    | HP: 2/85 [Snorg (5)]
 18716 | Orc:1    | Killed Snorg
 18716 | Orc:1    | Reached skill level 12 in Fighting
 18716 | Orc:1    | Gained mutation: Your large and strong wings let you fly indefinitely. [Gargoyle growth]
 18716 | Orc:1    | Reached XP level 14. HP: 57/92 MP: 23/26
 18800 | Orc:1    | Reached skill level 5 in Fire Magic
 18906 | Orc:1    | Killed an orc warlord
 19524 | Orc:2    | Found a staircase to the Elven Halls.
 19650 | Orc:2    | Learned a level 2 spell: Blink
 20127 | Orc:2    | Noticed an orc warlord
 20176 | Orc:2    | Killed an orc warlord
 20559 | Orc:2    | Found Foshut's Antique Armour Shop.
 20560 | Orc:2    | Found Pouczai's Antique Weapon Boutique.
 20561 | Orc:2    | Found Qaugut's General Store.
 20561 | Orc:2    | Found Koohiv's Jewellery Shop.
 20830 | Orc:2    | Bought a citrine-encrusted chain mail for 237 gold pieces
 20830 | Orc:2    | Identified the +6 chain mail of Hadjma {rPois rF++ Slay+2} (You bought it in a shop on level 2 of the Orcish Mines)
 20838 | Orc:2    | Bought a scroll of identify for 32 gold pieces
 20838 | Orc:2    | Bought a scroll of remove curse for 48 gold pieces
 20838 | Orc:2    | Bought a +2 pair of gloves of archery for 344 gold pieces
 20839 | Orc:2    | Bought the ring "Bodeid Varosm" {rPois rF+ MR+ Int+3} for 395 gold pieces
 21037 | D:9      | Found Furamuiv's Antique Weapon Boutique.
 21725 | Lair:2   | Killed Rupert
 21931 | Lair:3   | Reached skill level 13 in Fighting
 22116 | Lair:3   | Reached ***** piety under Ashenzari
 22601 | Lair:4   | Found a hole to the Spider Nest.
 22730 | Lair:4   | Noticed kusayu's ghost (journeyman GrBe)
 22731 | Lair:4   | Found a runed gate.
 22732 | Lair:4   | Found a runed gate.
 22732 | Lair:4   | Found a runed gate.
 22886 | Lair:4   | Reached XP level 15. HP: 99/99 MP: 2/27
 22887 | Lair:4   | Reached skill level 10 in Conjurations
 23690 | Lair:4   | Killed kusayu's ghost
 24315 | Lair:5   | Found a staircase to the Slime Pits.
 24348 | Lair:5   | Noticed Nessos
 24379 | Lair:5   | Killed Nessos
 24379 | Lair:5   | Reached skill level 5 in Slings
 24830 | Lair:5   | Reached skill level 1 in Shields
 24924 | Lair:5   | Noticed Azzok's ghost (journeyman DEEE)
 24937 | Lair:5   | Found a runed gate.
 24937 | Lair:5   | Found a runed gate.
 24937 | Lair:5   | Found a runed gate.
 24991 | Lair:5   | Killed Azzok's ghost
 25320 | Lair:6   | Entered Level 6 of the Lair of Beasts
 25500 | Lair:6   | Found a runed gate.
 25501 | Lair:6   | Noticed P0WERM0DE's ghost (journeyman GrFi)
 25502 | Lair:6   | Found a runed gate.
 25502 | Lair:6   | Found a runed gate.
 25503 | Lair:6   | Identified the +3 broad axe of Cheese {elec, *Rage rElec rC+ Str+2}
 25659 | Lair:6   | Reached skill level 14 in Fighting
 25929 | Lair:6   | Reached skill level 10 in Spellcasting
 26429 | Lair:6   | Reached ****** piety under Ashenzari
 27269 | Lair:6   | Killed P0WERM0DE's ghost
 27269 | Lair:6   | Reached skill level 15 in Fighting
 27457 | Spider:1 | Entered Level 1 of the Spider Nest
 27530 | Spider:1 | Reached XP level 16. HP: 89/108 MP: 16/30
 27970 | Spider:1 | Reduced skill Polearms to level 5
 28400 | Spider:1 | Reached skill level 16 in Fighting
 28400 | Spider:1 | Reached XP level 17. HP: 115/115 MP: 31/31
 28407 | Spider:1 | Learned a level 5 spell: Venom Bolt
 28690 | Spider:2 | Reached skill level 1 in Poison Magic
 28730 | Spider:2 | Reached skill level 1 in Evocations
 28801 | Spider:2 | Noticed Jorgrun
 28815 | Spider:2 | Killed Jorgrun
 29688 | Spider:2 | Noticed Frances
 29702 | Spider:2 | Gained mutation: You tend to lose your temper in combat. [a neqoxec]
 29704 | Spider:2 | Gained mutation: You are clumsy. (Dex -2) [a neqoxec]
 29707 | Spider:2 | Killed Frances
 30464 | Spider:3 | Reached skill level 17 in Fighting
 30495 | Spider:3 | Noticed Azrael
 30504 | Spider:3 | Identified the +2 robe "Fuyf Hac" {-Tele *Drain Regen+ Stlth+}
 30525 | Spider:3 | Killed Azrael
 30897 | Spider:3 | Noticed Arachne
 30902 | Spider:3 | Killed Arachne
 30902 | Spider:3 | Reached XP level 18. HP: 124/124 MP: 7/33
 31129 | Spider:3 | Noticed Kirke
 31136 | Spider:3 | Killed Kirke
 31805 | Spider:4 | Entered Level 4 of the Spider Nest
 31805 | Spider:4 | Noticed Agnes
 31810 | Spider:4 | Killed Agnes
 33284 | Spider:4 | Reached skill level 18 in Fighting
 33739 | Spider:4 | Got a gossamer rune of Zot
 34040 | Elf:1    | Entered Level 1 of the Elven Halls
 34384 | Elf:1    | Identified the Handbook of Dark Secrets
 34781 | Elf:1    | Reached XP level 19. HP: 128/130 MP: 35/35
 34853 | Elf:1    | Noticed Louise
 34877 | Elf:1    | Killed Louise
 34966 | Elf:1    | Found a portal to a secret trove of treasure.
 35633 | Elf:2    | Found a radiant altar of Vehumet.
 35859 | Elf:2    | Reached skill level 5 in Shields
 36196 | Elf:2    | Found Vitoptir's Jewellery Emporium.
 36197 | Elf:2    | Found Orgh's Gadget Shop.
 36234 | Elf:2    | Found Zuliych's Jewellery Emporium.
 36542 | Elf:2    | Noticed Donald
 36553 | Elf:2    | Killed Donald
 36647 | Elf:2    | Found Uvaumape's Jewellery Shoppe.
 36875 | Elf:2    | Found a runed gate.
 36876 | Elf:2    | Found a runed gate.
 36879 | Elf:2    | Found a runed gate.
 37076 | Elf:2    | Reached skill level 19 in Fighting
 37230 | Elf:2    | Reached skill level 10 in Shields
 37555 | Elf:3    | Entered Level 3 of the Elven Halls
 37630 | Elf:3    | Noticed Bai Suzhen
 37674 | Elf:3    | Identified the amulet of Vouwoh {Spirit +Blink rElec rPois rN+}
 37680 | Elf:3    | Killed Bai Suzhen
 37843 | Elf:3    | Learned a level 5 spell: Borgnjor's Vile Clutch
 37843 | Elf:3    | Upgraded the game from 0.22-a0-897-g1b7a381375 to 0.23-a0-8-gb809bb70e4
 37956 | Elf:3    | Found a runed gate.
 37961 | Elf:3    | Found a runed gate.
 37961 | Elf:3    | Noticed olegrum's ghost (adept BaFi)
 37962 | Elf:3    | Found a runed gate.
 38031 | Elf:3    | Identified the ring "Pugeri Doot" {*Slow rElec rF+++ AC+1 Str+4 Dex+3} (You took it off a deep elf mage on level 3 of the Elven Halls)
 38195 | Elf:3    | Reached XP level 20. HP: 139/139 MP: 30/36
 38574 | Elf:3    | Identified the +6 short sword of the Seven Dreams {flame, Int+3} (You took it off a deep elf death mage on level 3 of the Elven Halls)
 38575 | Elf:3    | Noticed a Tzitzimitl
 38575 | Elf:3    | Noticed a Tzitzimitl
 38589 | Elf:3    | Identified the +6 hunting sling "Cevy" {freeze, +Blink Str+4 Int+3}
 38632 | Elf:3    | Identified the Compendium of the Frostbite and Benedictions
 38633 | Elf:3    | Identified the cursed +1 shortbow of Zin's Delight {speed, Dex+4}
 38636 | Elf:3    | Identified Etzaciol's Tome of Ghastly Envenoming
 38640 | Elf:3    | Identified the Collected Works on Floating Contamination
 38643 | Elf:3    | Identified the Papyrus of the Helpful Rocks
 38648 | Elf:3    | Identified the Incunabulum of the Shifting Entourage
 38687 | Elf:3    | Learned a level 5 spell: Iskenderun's Battlesphere
 38691 | Elf:3    | Learned a level 3 spell: Regeneration
 38757 | Elf:3    | Identified the amulet of Tagadwukh {Reflect +Inv rF- Str+8 SH+2 SInv} (You took it off a deep elf demonologist on level 3 of the Elven Halls)
 38757 | Elf:3    | Identified the +9 flail of the Endless March {crush, rElec MR++ Str-3} (You took it off a deep elf demonologist on level 3 of the Elven Halls)
 38760 | Elf:3    | Reached skill level 1 in Charms
 38957 | Elf:3    | Noticed a Brimstone Fiend
 39160 | Elf:3    | Noticed a Brimstone Fiend
 39915 | Swamp:1  | Entered Level 1 of the Swamp
 40828 | Swamp:2  | Identified the +5 shield of the Learner {rPois rF- Str+6}
 40976 | Swamp:2  | Reached skill level 5 in Necromancy
 42313 | Swamp:3  | Reached XP level 21. HP: 145/145 MP: 24/37
 42537 | Swamp:4  | Entered Level 4 of the Swamp
 42583 | Swamp:4  | Reached skill level 20 in Fighting
 42937 | Swamp:4  | Noticed the 27-headed Lernaean hydra
 42950 | Swamp:4  | Killed the 27-headed Lernaean hydra
 43264 | Swamp:4  | Got a decaying rune of Zot
 43834 | Elf:2    | Killed olegrum's ghost
 43849 | Elf:2    | Bought the ring of Soro {rN+ AC+3 Dex+6} for 761 gold pieces
 44332 | Vaults:1 | Entered Level 1 of the Vaults
 45221 | Vaults:1 | Reached skill level 15 in Shields
 46086 | Vaults:1 | Found a snail-covered altar of Cheibriados.
 46325 | Vaults:2 | Found a runed door.
 46325 | Vaults:2 | Found a shimmering altar of Xom.
 46325 | Vaults:2 | Noticed Poefewnu's ghost (adept DDFi)
 46384 | Vaults:2 | Killed Poefewnu's ghost
 47151 | Vaults:2 | Reached XP level 22. HP: 148/153 MP: 27/39
 47678 | Vaults:2 | Found Refof's Antique Weapon Shop.
 48127 | Vaults:3 | Learned a level 6 spell: Bolt of Cold
 48155 | Vaults:3 | Reached skill level 1 in Ice Magic
 48951 | Vaults:3 | Noticed Mara
 49544 | Vaults:3 | Reached skill level 21 in Fighting
 49546 | Vaults:3 | Reached skill level 5 in Ice Magic
 49970 | Vaults:3 | Found a staircase to the Crypt.
 50247 | Vaults:4 | Found a radiant altar of Vehumet.
 50248 | Vaults:4 | Found the +3 robe of Clouds {+Fly rElec}
 50248 | Vaults:4 | Identified the +2 hat of the Hidden Beds {rF- SInv Stlth+}
 50276 | Vaults:4 | Identified the +1 hat of Yesterday {*Corrode Str+7 Slay+6}
 50779 | Vaults:4 | Upgraded the game from 0.23-a0-8-gb809bb70e4 to 0.23-a0-13-gb09bef45d9
 50818 | Vaults:4 | Reached XP level 23. HP: 160/160 MP: 23/41
 50904 | Vaults:4 | Noticed Margery
 50909 | Vaults:4 | Killed Margery
 51203 | Vaults:4 | Noticed Frederick
 52261 | Vaults:4 | Killed Frederick
 52636 | Vaults:4 | Found Coohojeu's Food Emporium.
 52761 | Vaults:5 | Entered Level 5 of the Vaults
 52936 | Vaults:5 | Noticed a golden dragon
 52947 | Vaults:5 | Killed a golden dragon
 53025 | Vaults:5 | Noticed a golden dragon
 53037 | Vaults:4 | Killed from afar by a frost giant

Vault maps used:
D:1:      saegor_arrival_miasma
D:2:      makhleb_heckhound_becter, okawaru_metal_pillars_1_2, first_ration,
          grunt_decor_cap, uniq_natasha
D:3:      overflow_temple_1_default, lemuel_doored_altar,
          gammafunk_temple_overflow_wave, minmay_misc_feat_cross,
          roderic_three_in_a_row, ashenzari_altar_1
D:5:      fedhas_bush_and_centaur_altar, serial_shops, shop, uniq_sigmund
D:6:      basic_altar, minmay_bent
D:7:      nicolae_overflow_hidden_temple, old_standard_altar,
          minmay_temple_entry_junction_2, uniq_joseph
D:8:      minmay_bloctagon_deflated, old_standard_altar,
          nicolae_tso_besieged_by_evil, hangedman_ranch
D:9:      zin_academy, minmay_lair_entry_lava, orc_0_dummy, serial_shops,
          shop_fountains, kennysheep_little_box, kennysheep_mini_moat
D:10:     serial_shops, shop, minmay_st_funbox
D:11:     basic_altar
D:12:     nicolae_whirlpool, basic_altar, serial_shops, shop,
          nrook_mini_backslash, david_defended_altar_orc
D:13:     david_vaults_4, bh_walls_and_bars
D:14:     lemuel_tele_altar
Temple:   cyrus_temple_forest
Lair:2:   serial_bayou_shore_b, minmay_lair_oklob_chamber,
          infiniplex_staircase_pool_2
Lair:3:   minmay_swamp_entry_reptiles, grunt_megastairs_3, uniq_rupert
Lair:4:   spider_nest_entry_a, gammafunk_ghost_split
Lair:5:   minmay_slime_entry_pillars, maelrawn_ghost_labyrinth_escape,
          roderic_carrion_pond, uniq_nessos
Lair:6:   minmay_lair_end_enchanted_forest, gammafunk_ghost_hydra_chop
Swamp:1:  evilmike_swamp_ruin_house_1
Swamp:2:  nicolae_swamp_round_clearing
Swamp:3:  hangedman_swamp_blocks, swamp_pool1, kb_tengu_band
Swamp:4:  swamp_old_school, swamp_pool3
Spider:1: nicolae_crawler_farm
Spider:2: uniq_jorgrun, uniq_frances
Spider:3: nicolae_arachne_temple, uniq_azrael, uniq_kirke
Spider:4: guppyfry_spider_rune, uniq_agnes
Orc:1:    portal_ice_cave_entry_imps
Orc:2:    st_orc_congregation, guppyfry_library_mini, uniq_snorg
Elf:1:    minmay_elf_arrival_summoners, nicolae_trove_entry_crystal,
          minmay_elf_necromancy, uniq_louise
Elf:2:    serial_shops, nicolae_shop_behind_doors, basic_altar,
          minmay_shop_grove, uniq_donald
Elf:3:    elf_hall, gammafunk_ghost_split, uniq_bai_suzhen
Vaults:1: hangedman_vaults_corner, nicolae_vaults_big_angled_halls,
          ontoclasm_vaults_ring_large, v_misc_25, v_misc_15,
          ontoclasm_vaults_ring_square, basic_altar
Vaults:2: ebering_vaults_ghost_xom, vaults_dpeg_doors, v_pattern_1,
          vaults_mumra_chevron, ontoclasm_vaults_chip, vaults_room_door_ring,
          v_misc_22, nicolae_vaults_little_ls, nicolae_vaults_little_squares_3,
          ontoclasm_vaults_spin, ontoclasm_vaults_pinch, v_misc_4,
          grunt_vaults_funnel, nicolae_vaults_little_squares_6, serial_shops,
          shop
Vaults:3: nicolae_vaults_little_squares_5, nicolae_vaults_little_squares_2,
          vaults_dpeg_hooks, v_alt_pattern_5, nicolae_vaults_ninety_degrees,
          nicolae_vaults_shelves_hall, grunt_vaults_diagonal, v_pattern_2,
          ontoclasm_vaults_gallery, v_misc_1, v_misc_17, nicolae_vaults_theta,
          hangedman_vaults_stream, grunt_vaults_hallway_long,
          minmay_crypt_entry_simple_round, uniq_mara
Vaults:4: nicolae_vaults_three_branches, vaults_dpeg_cross,
          hangedman_vaults_variations, v_misc_11,
          nicolae_vaults_border_crossing, vaults_room_grid, v_misc_12,
          vaults_dpeg_ring, nicolae_vaults_shelves_hall, grunt_tower_of_power,
          v_pattern_4, nicolae_vaults_diagonal_hallway_9, v_misc_25,
          serial_shops, nicolae_shop_statue_plus, uniq_margery, uniq_frederick

Skill      XL: |  1  2  3  4  5  6  7  8  9 10 11 12 13 14 15 16 17 18 19 20 21 22 23 |
---------------+----------------------------------------------------------------------+-----
Earth Magic    | 4 5 6 7 9 10 12 13 14 | 14.6
Fighting       | 1 2 3 5 6 7 8 9 10 12 13 15 16 17 18 19 20 21 | 21.0
Dodging        | 2 3 4 |  4.4
Polearms       | 2 4 5 6 8 7 5 |  5.9
Armour         | 3 5 6 |  6.0
Spellcasting   | 3 4 6 7 8 10 11 12 13 14 | 14.0
Conjurations   | 3 6 7 9 10 11 12 | 12.9
Translocations | 2 |  2.0
Necromancy     | 2 5 |  5.0
Transmutations | 2 3 |  3.1
Slings         | 1 3 6 8 |  8.3
Fire Magic     | 4 8 9 |  9.7
Shields        | 4 11 13 16 17 20 | 20.3
Poison Magic   | 3 |  3.3
Evocations     | 3 |  3.4
Charms         | 3 |  3.3
Ice Magic      | 7 9 |  9.7
Stealth        | |  2.3

Action                   |  1- 3 |  4- 6 |  7- 9 | 10-12 | 13-15 | 16-18 | 19-21 | 22-24 || total
-------------------------+-------+-------+-------+-------+-------+-------+-------+-------++-------
Melee: Unarmed           |    87 |       |       |       |       |       |       |       ||    87
       Club              |    23 |       |       |       |       |       |       |       ||    23
       Falchion          |     2 |    91 |       |       |       |       |       |       ||    93
       Spear             |       |    43 |   256 |   582 |   177 |       |       |       ||  1058
       Hunting sling     |       |       |       |       |       |       |     2 |       ||     2
 Fire: Hunting sling     |       |       |       |       |   721 |   822 |  1128 |   728 ||  3399
Throw: Tomahawk          |       |       |       |       |     1 |       |       |       ||     1
 Cast: Sandblast         |    24 |    41 |    85 |   109 |    79 |     9 |     9 |     1 ||   357
       Stone Arrow       |     1 |     6 |    13 |    28 |   139 |   180 |   146 |    61 ||   574
       Lee's Rapid Decon |       |       |    10 |    82 |   154 |    74 |   212 |    72 ||   604
       Animate Skeleton  |       |       |       |    39 |    83 |     5 |    41 |       ||   168
       Sticks to Snakes  |       |       |       |    13 |    41 |       |     4 |       ||    58
       Passwall          |       |       |       |       |     4 |       |       |       ||     4
       Conjure Flame     |       |       |       |       |     1 |       |     2 |       ||     3
       Fireball          |       |       |       |       |    49 |    11 |    76 |    42 ||   178
       Blink             |       |       |       |       |    32 |     5 |    11 |     3 ||    51
       Venom Bolt        |       |       |       |       |       |     6 |     4 |    13 ||    23
       Borgnjor's Vile C |       |       |       |       |       |       |    68 |    60 ||   128
       Iskenderun's Batt |       |       |       |       |       |       |    10 |     2 ||    12
       Regeneration      |       |       |       |       |       |       |     2 |     2 ||     4
       Bolt of Cold      |       |       |       |       |       |       |       |    19 ||    19
Invok: Curse Item        |       |       |     1 |       |     6 |       |     3 |       ||    10
       Transfer Knowledg |       |       |       |       |     1 |       |       |       ||     1
       Scrying           |       |       |       |       |       |       |       |     1 ||     1
 Abil: Fly               |       |       |       |       |     1 |       |       |       ||     1
Evoke: Wand              |       |       |       |     1 |     5 |     1 |       |       ||     7
  Use: Scroll            |       |       |       |    17 |    18 |     2 |     6 |     1 ||    44
       Potion            |       |       |       |       |     7 |     1 |     2 |     2 ||    12
 Stab: Sleeping          |       |     6 |     1 |     1 |       |       |       |       ||     8
       Distracted        |       |       |       |       |     1 |       |       |       ||     1
  Eat: Chunk             |     2 |     9 |    16 |    33 |    53 |    18 |    43 |    27 ||   201
       Ration            |       |     2 |       |     3 |    10 |     4 |     6 |       ||    25
Armor: Robe              |    54 |    70 |    49 |       |       |       |       |       ||   173
       Ring mail         |       |       |    82 |   297 |   157 |       |       |       ||   536
       Troll leather arm |       |       |       |       |   252 |   508 |   204 |    86 ||  1050
Dodge: Dodged            |   105 |    90 |   173 |   276 |   388 |   464 |   134 |    88 ||  1718
       Deflected         |       |       |       |       |       |       |    12 |    23 ||    35
Block: Buckler           |       |       |       |       |    31 |   124 |    16 |       ||   171
       Shield            |       |       |       |       |       |       |    82 |       ||    82
       Large shield      |       |       |       |       |       |       |   229 |   344 ||   573
       Rpst.: Falchion   |       |    25 |       |       |       |       |       |       ||    25

Table legend:
 A = Spawn XP
 B = Non-spawn XP
 C = Spawn XP percentage of total XP
 D = Spawn monster count
 E = Non-spawn monster count
 F = Spawn count percentage of total count
 G = Total turns spent on level
                    A         B        C        D         E        F      G
               +---------+---------+-------+---------+---------+-------+---------
         Total |       0 |  756849 |   0.0 |       0 |    1774 |   0.0 | 53037
               +---------+---------+-------+---------+---------+-------+---------
           D:1 |       0 |      37 |   0.0 |       0 |      23 |   0.0 |  1482
           D:2 |       0 |     133 |   0.0 |       0 |      26 |   0.0 |  1513
           D:3 |       0 |      93 |   0.0 |       0 |      22 |   0.0 |   712
           D:4 |       0 |     540 |   0.0 |       0 |      23 |   0.0 |   924
           D:5 |       0 |    1271 |   0.0 |       0 |      20 |   0.0 |   810
           D:6 |       0 |     962 |   0.0 |       0 |      20 |   0.0 |  1091
           D:7 |       0 |    1401 |   0.0 |       0 |      22 |   0.0 |  1083
           D:8 |       0 |    5874 |   0.0 |       0 |      51 |   0.0 |  1250
           D:9 |       0 |    6915 |   0.0 |       0 |      44 |   0.0 |  2344
          D:10 |       0 |    2415 |   0.0 |       0 |      17 |   0.0 |  1014
          D:11 |       0 |    3166 |   0.0 |       0 |      20 |   0.0 |   720
          D:12 |       0 |    8793 |   0.0 |       0 |      41 |   0.0 |  2080
          D:13 |       0 |    6446 |   0.0 |       0 |      27 |   0.0 |  1301
          D:14 |       0 |     254 |   0.0 |       0 |       4 |   0.0 |    76
        Lair:1 |       0 |    1047 |   0.0 |       0 |       8 |   0.0 |   695
        Lair:2 |       0 |   14236 |   0.0 |       0 |      46 |   0.0 |  2139
        Lair:3 |       0 |    5939 |   0.0 |       0 |      29 |   0.0 |   654
        Lair:4 |       0 |    8148 |   0.0 |       0 |      27 |   0.0 |  1424
        Lair:5 |       0 |   17393 |   0.0 |       0 |      49 |   0.0 |  1635
        Lair:6 |       0 |   17700 |   0.0 |       0 |      66 |   0.0 |  2009
       Swamp:1 |       0 |   12753 |   0.0 |       0 |      36 |   0.0 |   842
       Swamp:2 |       0 |   16454 |   0.0 |       0 |      35 |   0.0 |   970
       Swamp:3 |       0 |   12034 |   0.0 |       0 |      26 |   0.0 |   869
       Swamp:4 |       0 |   27478 |   0.0 |       0 |      39 |   0.0 |   992
      Spider:1 |       0 |   10913 |   0.0 |       0 |      37 |   0.0 |  1096
      Spider:2 |       0 |   26876 |   0.0 |       0 |      63 |   0.0 |  1454
      Spider:3 |       0 |   37957 |   0.0 |       0 |      86 |   0.0 |  1936
      Spider:4 |       0 |   46399 |   0.0 |       0 |      90 |   0.0 |  1916
         Orc:1 |       0 |    7570 |   0.0 |       0 |      59 |   0.0 |  1229
         Orc:2 |       0 |   15368 |   0.0 |       0 |     122 |   0.0 |  1773
         Elf:1 |       0 |   22731 |   0.0 |       0 |      38 |   0.0 |  2022
         Elf:2 |       0 |   58245 |   0.0 |       0 |      76 |   0.0 |  1970
         Elf:3 |       0 |   72046 |   0.0 |       0 |      67 |   0.0 |  2223
      Vaults:1 |       0 |   43696 |   0.0 |       0 |      90 |   0.0 |  1889
      Vaults:2 |       0 |   42216 |   0.0 |       0 |      75 |   0.0 |  1779
      Vaults:3 |       0 |   65057 |   0.0 |       0 |      90 |   0.0 |  2196
      Vaults:4 |       0 |   90136 |   0.0 |       0 |     115 |   0.0 |  2698
      Vaults:5 |       0 |   46157 |   0.0 |       0 |      45 |   0.0 |   143
               +---------+---------+-------+---------+---------+-------+---------
